 Dungeon Crawl Stone Soup version 0.30-a0-140-gd1020e658a (webtiles) character file.

Game seed: 2199123119475628280

582 qw the Chopper (level 7, -2/43 HPs)
             Began as a Gargoyle Fighter on Sept 24, 2022.
             Slain by a killer bee (8 damage)
             ... on level 4 of the Dungeon.
             The game lasted 00:01:20 (3843 turns).

qw the Chopper (Gargoyle Fighter)                   Turns: 3843, Time: 00:01:21

Health: -2/43      AC: 11    Str: 21    XL:     7   Next: 36%
Magic:  7/7        EV:  9    Int:  9    God:
Gold:   184        SH:  4    Dex:  9    Spells: 6/6 levels left

rFire   . . .      SeeInvis .    Y - +1 war axe
rCold   . . .      Faith    .    c - +0 buckler
rNeg    + . .      Spirit   .    b - +0 scale mail
rPois   inf        Reflect  .    (no helmet)
rElec   +          Harm     .    (no cloak)
rCorr   .          Rampage  .    (no gloves)
Will    .....                    (no boots)
Stlth   ..........               (no amulet)
HPRegen 0.14/turn                (no ring)
MPRegen 0.10/turn                (no ring)

@: no status effects
A: sickness immunity, AC +4, negative energy resistance 1, electricity
resistance, torment resistance 1, petrification resistance
a: no special abilities


You were on level 4 of the Dungeon.
You visited 1 branch of the dungeon, and saw 4 of its levels.

You collected 184 gold pieces.


Innate Abilities, Weirdness & Mutations

You are immune to sickness and miasma.
Your stone body is resilient. (AC +4)
You are immune to poison.
You resist negative energy. (rN+)
You are resistant to electric shocks. (rElec)
You are resistant to unholy torment.
You are immune to petrification.


   Skills:
 - Level 4.1 Fighting
 + Level 6.7 Axes
 - Level 3.2 Armour
 - Level 1.0 Dodging
 - Level 3.2 Shields


You had 6 spell levels left.
You didn't know any spells.
Your spell library was empty.

Inventory:

Hand Weapons
 f - a +0 flail
 Y - a +1 war axe (weapon)
Missiles
 e - 3 boomerangs (quivered)
Armour
 b - a +0 scale mail (worn)
 c - a +0 buckler (worn)
Scrolls
 g - a scroll of identify
 j - a scroll of blinking {unknown}
Potions
 d - 2 potions of might
 h - a potion of haste {unknown}
 i - a potion of cancellation {unknown}
 k - 2 potions of curing
 l - a potion of lignification {unknown}

Dungeon Overview and Level Annotations

Branches:
Dungeon (4/15)
 Temple: D:4-7

Altars:
Ashenzari


Message History

You barely miss the killer bee. You miss the killer bee.
The killer bee barely misses you.
The killer bee stings you but does no damage.
The killer bee barely misses you. The killer bee closely misses you. x2
You block the killer bee's attack. The killer bee stings you!
You block the killer bee's attack.
You barely miss the killer bee. You slash the killer bee!
You hit the killer bee but do no damage.
The killer bee stings you. The killer bee barely misses you. x2
The killer bee stings you but does no damage. x2
You block the killer bee's attack.
You slash the killer bee!
You kill the killer bee!
You barely miss the killer bee. You closely miss the killer bee.
The killer bee stings you! The killer bee completely misses you.
The killer bee stings you but does no damage.
The killer bee barely misses you.
You miss the killer bee. You barely miss the killer bee.
You block the killer bee's attack.
The killer bee stings you but does no damage.
The killer bee stings you. x2; You block the killer bee's attack.
The killer bee stings you.
You closely miss the killer bee. You miss the killer bee.
The killer bee misses you. The killer bee stings you.
You block the killer bee's attack. The killer bee closely misses you.
You miss the killer bee. You barely miss the killer bee.
You block the killer bee's attack. The killer bee stings you.
The killer bee closely misses you. The killer bee barely misses you.
You slash the killer bee!
The killer bee is severely wounded.
You miss the killer bee. The killer bee stings you.
The killer bee barely misses you. x2
The killer bee stings you but does no damage.
The killer bee stings you.
The killer bee stings you but does no damage.
You closely miss the killer bee.
The killer bee is severely wounded.
You barely miss the killer bee. The killer bee stings you!
You die...

#.#..........# #......#
#.#..######### #......#
###.#y.#############......# ####
..#.<.....................# #...
#.#.#..#############.###### #...
#......# #.# #...
#####..#############.#########...
.............................'...
.####..#####...y@###.#########...
.# #..# #....y##...........### .#
#..#####.....############.### .#
#......'.....+ ........... .#
##+#####.....# #######.### .#
.........#### ##########.# #
.####..........# #..........# #
.........(.....# #..J.......# .
####...........# #............#


You could see 2 killer bees.

Vanquished Creatures
  Grinder (D:3)
  A scorpion (D:4)
  3 killer bees (D:4)
  A jelly (D:4)
  An orc priest (D:3)
  A gnoll (D:1)
  5 adders
  2 worms
  6 dart slugs
  5 orcs (D:3)
  3 ball pythons
  6 endoplasms
  A giant cockroach (D:2)
  5 goblins
  4 hobgoblins
  3 jackals (D:1)
  9 kobolds
  A quokka (D:3)
  2 bats
  4 frilled lizards (D:1)
  5 rats
69 creatures vanquished.

Notes
Turn   | Place    | Note
-------+----------+-------------------------------------------
     0 | D:1      | qw the Gargoyle Fighter began the quest for the Orb.
     0 | D:1      | Reached XP level 1. HP: 14/14 MP: 1/1
     0 | D:1      | 0 ||| qw: Version: 0.1.0-9-gbc19398
     0 | D:1      | 0 ||| qw: Game counter: 34
     0 | D:1      | 0 ||| qw: Always use a shield: true
     0 | D:1      | 0 ||| qw: God list: Okawaru
     0 | D:1      | 0 ||| qw: Allow faded altars: false
     0 | D:1      | 0 ||| qw: Do Orc after D:15 true
     0 | D:1      | 0 ||| qw: Do second Lair branch before Depths: true
     0 | D:1      | 0 ||| qw: Lair rune preference: random
     0 | D:1      | 0 ||| qw: Plans: Normal, Zot:1-4, God:TSO, Crypt, Tomb,
                  | Pan, Slime:5, Hells, Abyss, Orb
     0 | D:1      | 0 ||| PLANNING D:1-11
    56 | D:1      | Reached skill level 2 in Axes
   222 | D:1      | Reached XP level 2. HP: 15/19 MP: 2/2
   290 | D:1      | 290 ||| Stepping ~*~*~tactically~*~*~ (stealth).
   345 | D:1      | Reached skill level 3 in Axes
   443 | D:1      | Reached XP level 3. HP: 23/23 MP: 3/3
   832 | D:1      | 832 ||| Stepping ~*~*~tactically~*~*~ (hiding).
   959 | D:1      | 959 ||| READING 2 scrolls labelled SUGEOXKEBUG.
   963 | D:1      | 963 ||| READING 2 scrolls labelled KOSOSA LAIGAZ.
   964 | D:1      | 964 ||| READING scroll labelled SYEFAU YFOPETS.
   965 | D:1      | 965 ||| READING scroll labelled SEP QASOZOSMU.
   966 | D:1      | 966 ||| READING scroll labelled GOIDACW MYSIEN.
   967 | D:1      | 967 ||| READING scroll labelled ZIDONOTIRE.
  1137 | D:2      | Reached XP level 4. HP: 21/28 MP: 4/4
  1279 | D:2      | 1279 ||| Stepping ~*~*~tactically~*~*~ (stealth).
  1386 | D:2      | Reached skill level 4 in Axes
  1433 | D:2      | Found a faded altar of an unknown god.
  1723 | D:2      | 1723 ||| Stepping ~*~*~tactically~*~*~ (hiding).
  1869 | D:2      | 1869 ||| DRINKING 2 lumpy amethyst potions.
  1892 | D:3      | 1892 ||| STAIRDANCE
  1912 | D:3      | 1912 ||| STAIRDANCE
  1937 | D:3      | Found a broken altar of Ashenzari.
  2039 | D:3      | 2039 ||| Stepping ~*~*~tactically~*~*~ (stealth).
  2083 | D:3      | Found the Hermit's pendant {Faith invo=14 evo=0 MP+5}
  2107 | D:3      | 2107 ||| DROPPING +0 club.
  2131 | D:3      | Noticed Grinder
  2152 | D:3      | 2152 ||| Stepping ~*~*~tactically~*~*~ (hiding).
  2153 | D:3      | 2153 ||| Stepping ~*~*~tactically~*~*~ (hiding).
  2156 | D:3      | HP: 7/28 [Grinder (1)]
  2157 | D:3      | 2157 ||| READING 3 scrolls of teleportation.
  2516 | D:3      | Reached XP level 5. HP: 31/32 MP: 5/5
  2555 | D:3      | 2555 ||| Stepping ~*~*~tactically~*~*~ (stealth).
  2562 | D:3      | 2562 ||| Stepping ~*~*~tactically~*~*~ (hiding).
  2721 | D:3      | 2721 ||| DROPPING +2 whip of holy wrath.
  2785 | D:3      | 2785 ||| Stepping ~*~*~tactically~*~*~ (hiding).
  2792 | D:3      | Paralysed by Grinder for 3 turns
  2799 | D:3      | Paralysed by Grinder for 4 turns
  2806 | D:3      | Killed Grinder
  2807 | D:3      | Reached skill level 6 in Axes
  2807 | D:3      | Reached XP level 6. HP: 30/37 MP: 6/6
  2912 | D:3      | 2912 ||| READING scroll labelled NENUAT HUNAE.
  2963 | D:3      | 2963 ||| READING scroll labelled OGAIXA CISKUR.
  2964 | D:3      | 2964 ||| DRINKING 2 black potions.
  3060 | D:4      | HP: 9/37 [killer bee (3)]
  3061 | D:4      | 3061 ||| READING 3 scrolls of teleportation.
  3062 | D:4      | 3062 ||| DRINKING potion of heal wounds.
  3168 | D:4      | Reached XP level 7. HP: 39/43 MP: 7/7
  3301 | D:4      | Reached skill level 1 in Dodging
  3364 | D:4      | 3364 ||| Stepping ~*~*~tactically~*~*~ (stealth).
  3389 | D:4      | HP: 8/43 [killer bee (4)]
  3390 | D:4      | 3390 ||| READING 3 scrolls of teleportation.
  3390 | D:4      | HP: 3/43 [killer bee (5)]
  3393 | D:4      | 3393 ||| READING 2 scrolls of teleportation.
  3413 | D:4      | 3413 ||| Stepping ~*~*~tactically~*~*~ (stealth).
  3415 | D:4      | 3415 ||| READING scroll of teleportation.
  3417 | D:4      | HP: 5/43 [killer bee (1)]
  3419 | D:4      | 3419 ||| FLEEEEING.
  3427 | D:4      | 3427 ||| FLEEEEING.
  3428 | D:4      | 3428 ||| FLEEEEING.
  3440 | D:4      | 3440 ||| FLEEEEING.
  3441 | D:4      | 3441 ||| FLEEEEING.
  3442 | D:4      | 3442 ||| FLEEEEING.
  3443 | D:4      | 3443 ||| FLEEEEING.
  3444 | D:4      | 3444 ||| FLEEEEING.
  3445 | D:4      | 3445 ||| FLEEEEING.
  3446 | D:4      | 3446 ||| FLEEEEING.
  3450 | D:4      | 3450 ||| FLEEEEING.
  3451 | D:4      | 3451 ||| FLEEEEING.
  3456 | D:4      | 3456 ||| STAIRDANCE
  3831 | D:4      | 3831 ||| Stepping ~*~*~tactically~*~*~ (stealth).
  3842 | D:4      | HP: 8/43 [killer bee (6)]
  3843 | D:4      | Slain by a killer bee

Levels and vault maps discovered:
D:1:      sevenhm_arrival_forest_fort_small_4, layout_basic, nicolae_wormholes
D:2:      layout_loops_ring, hellmonk_ecumenical_altar_run_dry
D:3:      layout_basic, nicolae_ashenzari_panopticon, uniq_grinder
D:4:      layout_basic

Skill      XL: |  1  2  3  4  5  6  7 |
---------------+----------------------+-----
Axes           | 2 3 4 6 |  6.7
Fighting       | 4 |  4.1
Dodging        | 1 |  1.0
Armour         | |  3.2
Shields        | |  3.2

Action                   |  1- 3 |  4- 6 |  7- 9 || total
-------------------------+-------+-------+-------++-------
Melee: War axe           |    81 |   130 |    45 ||   256
Throw: Boomerang         |       |    38 |     5 ||    43
       Javelin           |       |       |     3 ||     3
  Use: Scroll            |     6 |     4 |     3 ||    13
       Potion            |       |     3 |       ||     3
Armor: Scale mail        |    36 |    71 |    28 ||   135
Dodge: Dodged            |    30 |    69 |    44 ||   143
Block: Buckler           |    16 |    27 |    19 ||    62

Table legend:
 A = Non-vault XP
 B = Vault XP
 C = Vault XP percentage of total XP
 D = Non-vault monster count
 E = Vault monster count
 F = Vault count percentage of total count
                 A         B        C        D         E       F
            +---------+---------+-------+---------+---------+-------
      Total |     555 |     277 |  33.3 |      67 |       2 |   2.9
            +---------+---------+-------+---------+---------+-------
        D:1 |      46 |       5 |   9.8 |      18 |       1 |   5.3
        D:2 |      77 |       0 |   0.0 |      21 |       0 |   0.0
        D:3 |      91 |     272 |  74.9 |      17 |       1 |   5.6
        D:4 |     341 |       0 |   0.0 |      11 |       0 |   0.0
            +---------+---------+-------+---------+---------+-------
